Oilers vs Bruins

Created - 22 octobre 2021 at 14:15

Goals
1 2 3 T
Oilers 0 2 2 4
Bruins 1 1 1 3
Shots
1 2 3 T
Oilers 11 9 12 32
Bruins 14 7 13 34

1st period

1. Bruins , Anthony Mantha 1 (Brady Tkachuk 2, Seth Jones 1) at 12:12

Penalties :
No Penalty

2nd period

2. Oilers , James Neal 2 (Adam Erne 1, John Carlson 2) at 6:21
3. Bruins , Sean Monahan 1 (Anthony Beauvillier 1, Ilya Mikheyev 1) at 15:34
4. Oilers , Connor McDavid 3 (Tim Stutzle 4) at 15:49

Penalties :
No Penalty

3rd period

5. Bruins , Nico Hischier 1 (Anthony Mantha 2, Paul Stastny 2) at 10:39
6. Oilers , Tim Stutzle 4 (Connor McDavid 6) at 15:55
7. Oilers , John Carlson 1 (Jeff Skinner 2, Joonas Korpisalo) at 17:58 (PP)

Penalties :
Brady Tkachuk (BOS) for Roughing (Minor) at 6:58, Luke Glendening (BOS) for Slashing (Minor) at 17:21

Goalie Stats

Joonas Korpisalo (EDM), 31 saves from 34 shots - (0,912), W, 1-0-0, 60:00 minutes
Petr Mrazek (BOS), 28 saves from 32 shots - (0,875), L, 0-1-0, 59:24 minutes

Players Stats for Oilers

Player Name              G  A  P  +/- PIM S  H  SB GA TA FO     MP     PP MP  PK MP  
------------------------------------------------------------------------------------
Adam Erne                0  1  1   0  0   4  5  0  3  0  0/0    12:50   0:00   0:00 
Alex Biega               0  0  0  -1  0   1  0  2  0  1  0/0    13:37   0:00   0:00 
Ben Street               0  0  0   0  0   2  0  1  0  1  2/3     7:39   0:00   0:00 
Bobby Ryan               0  0  0  -1  0   5  1  1  0  0  0/1    18:13   1:06   0:00 
Brendan Smith            0  0  0   0  0   1  1  3  0  0  0/0    23:34   0:00   0:00 
Christian Djoos          0  0  0  -1  0   0  1  0  0  0  0/0    14:29   0:52   0:00 
Cody Glass               0  0  0  -1  0   5  1  0  0  1  8/16   18:13   1:06   0:00 
Connor McDavid           1  1  2   1  0   3  1  0  1  0  14/34  20:21   1:30   0:00 
Jake Gardiner            0  0  0   1  0   0  2  2  0  0  0/0    21:57   1:44   0:00 
James Neal               1  0  1   0  0   1  1  0  0  0  0/0    13:47   0:00   0:00 
Jeff Skinner             0  1  1  -1  0   1  1  0  0  0  1/2    18:13   1:06   0:00 
John Carlson             1  1  2   0  0   2  0  1  0  1  0/0    25:23   1:44   0:00 
Jordan Oesterle          0  0  0   1  0   0  1  2  0  3  0/0    21:00   0:52   0:00 
Kyle Okposo              0  0  0   1  0   0  2  2  0  1  2/2    20:21   1:30   0:00 
Nathan Gerbe             0  0  0   0  0   0  0  0  1  0  0/0     7:39   0:00   0:00 
Tim Stutzle              1  1  2   1  0   5  1  0  0  1  0/1    20:21   1:30   0:00 
Tomas Nosek              0  0  0   0  0   1  0  1  0  0  3/3    13:47   0:00   0:00 
Zack Kassian             0  0  0   0  0   1  1  0  0  0  0/0     8:36   0:00   0:00 

Players Stats for Bruins

Player Name              G  A  P  +/- PIM S  H  SB GA TA FO     MP     PP MP  PK MP  
------------------------------------------------------------------------------------
Andy Greene              0  0  0   0  0   1  1  1  0  0  0/0    19:17   0:00   0:52 
Anthony Beauvillier      0  1  1   1  0   0  1  0  1  1  0/0    16:40   0:00   0:30 
Anthony Mantha           1  1  2   0  0   4  0  0  1  0  1/3    19:00   0:00   0:00 
Brady Tkachuk            0  1  1   0  2   3  3  0  1  0  9/14   19:28   0:00   0:00 
Brent Burns              0  0  0  -2  0   2  1  3  0  0  0/0    21:15   0:00   1:44 
Casey Cizikas            0  0  0  -1  0   1  3  1  0  0  0/0    14:51   0:00   0:12 
Dmitry Kulikov           0  0  0   2  0   1  1  1  0  2  0/0    19:28   0:00   0:00 
Ilya Mikheyev            0  1  1   1  0   2  0  1  1  0  0/2    14:22   0:00   1:54 
Jake Debrusk             0  0  0   0  0   1  1  0  1  0  0/2    17:55   0:00   0:00 
Jakob Chychrun           0  0  0  -2  0   0  2  1  0  0  0/0    18:59   0:00   0:00 
Joel Edmundson           0  0  0   0  0   2  1  2  0  2  0/0    19:17   0:00   0:52 
Luke Glendening          0  0  0  -1  2   3  1  0  0  0  2/2    15:47   0:00   1:17 
Max Comtois              0  0  0   0  0   0  0  0  0  0  0/0     0:05   0:00   0:00 
Nico Hischier            1  0  1  -1  0   4  2  1  0  0  4/9    15:32   0:00   0:53 
Paul Stastny             0  1  1   0  0   5  4  3  1  0  0/1    19:00   0:00   0:00 
Sean Monahan             1  0  1   1  0   2  0  0  3  0  10/19  16:36   0:00   0:26 
Seth Jones               0  1  1   2  0   3  1  2  0  0  0/0    21:44   0:00   1:44 
Taylor Raddysh           0  0  0   0  0   0  2  0  0  0  6/10    8:06   0:00   0:00 

3 Stars

1 - Tim Stutzle (EDM)
2 - Connor McDavid (EDM)
3 - John Carlson (EDM)

Power Play

Oilers - 1 on 2 Attempt(s) - 50,00%
Bruins - 0 on 0 Attempt(s) - 0,00%

Penalty Kill

Oilers - 0 on 0 Attempt(s) - 0,00% - Score 0 goal in Penalty Kill
Bruins - 1 on 2 Attempt(s) - 50,00% - Score 0 goal in Penalty Kill

Team Stat

Oilers - Hits : 19 - Faceoff Wins : 30 - Blocked Shots : 15 - Penalty Minutes : 0
Bruins - Hits : 24 - Faceoff Wins : 32 - Blocked Shots : 16 - Penalty Minutes : 4

Official

Referees : Graham Skilliter and Tim Peel
Linesman : Brent Hooks and Tony Sericolo

Game Notes

Max Comtois is injured at 0:28 of 1st period (Right Eye)

Finance

Level 1 -- Attendance: 4766 (79,43%) -- Ticket Income 476 600 $
Level 2 -- Attendance: 4487 (89,74%) -- Ticket Income 269 220 $
Level 3 -- Attendance: 2000 (100,00%) -- Ticket Income 70 000 $
Level 4 -- Attendance: 3781 (94,53%) -- Ticket Income 75 620 $
Luxury Box -- Attendance: 781 (78,10%) -- Ticket Income 156 200 $
Game was played at the Boston Garden.
Total Attendance: 15815 (87,86%)
Total Ticket Income: 1 047 640 $
Other Income: 513 344 $
Total Income: 1 560 984 $

Oilers

5 vs 5 Forward 
   Center                   Left Wing                Right Wing               Time % Phy DF OF 
 1 Connor McDavid           Tim Stutzle              Kyle Okposo              40     1   2  2  
 2 Cody Glass               Jeff Skinner             Bobby Ryan               30     1   2  2  
 3 Tomas Nosek              James Neal               Adam Erne                20     1   2  2  
 4 Ben Street               Nathan Gerbe             Zack Kassian             10     1   2  2  

5 vs 5 Defense 
   Defense                  Defense                                           Time % Phy DF OF 
 1 John Carlson             Brendan Smith                                     40     1   2  2  
 2 Jordan Oesterle          Jake Gardiner                                     35     1   2  2  
 3 Alex Biega               Christian Djoos                                   25     1   2  2  
 4 John Carlson             Brendan Smith                                     0      1   2  2  

PowerPlay Forward 
   Center                   Left Wing                Right Wing               Time % Phy DF OF 
 1 Connor McDavid           Tim Stutzle              Kyle Okposo              60     1   2  2  
 2 Cody Glass               Jeff Skinner             Bobby Ryan               40     1   2  2  

PowerPlay Defense
   Defense                  Defense                                           Time % Phy DF OF 
 1 John Carlson             Jake Gardiner                                     60     1   2  2  
 2 Jordan Oesterle          Christian Djoos                                   40     1   2  2  

Penalty Kill 4 Players Forward 
   Center                   Wing                     Time % Phy DF OF 
 1 Tomas Nosek              James Neal               60     1   2  2  
 2 Ben Street               Zack Kassian             40     1   2  2  

Penalty Kill 4 Players Defense
   Defense                  Defense                  Time % Phy DF OF 
 1 John Carlson             Brendan Smith            60     1   2  2  
 2 Jordan Oesterle          Jake Gardiner            40     1   2  2  

Penalty Kill - 3 Players Forward 
   Forward                                           Time % Phy DF OF 
 1 Tomas Nosek                                       60     1   2  2  
 2 Ben Street                                        40     1   2  2  

Penalty Kill - 3 Players Defense
   Defense                  Defense                  Time % Phy DF OF 
 1 John Carlson             Brendan Smith            60     1   2  2  
 2 Jordan Oesterle          Jake Gardiner            40     1   2  2  

4 vs 4 Forward 
   Center                   Wing                     Time % Phy DF OF 
 1 Connor McDavid           Tim Stutzle              60     1   2  2  
 2 Cody Glass               Kyle Okposo              40     1   2  2  

4 vs 4 Defense
   Defense                  Defense                  Time % Phy DF OF 
 1 John Carlson             Brendan Smith            60     1   2  2  
 2 Jordan Oesterle          Jake Gardiner            40     1   2  2  

Last Minutes Offensive
   Center                   Left Wing                Right Wing               Defense                  Defense                  
   Connor McDavid           Tim Stutzle              Kyle Okposo              John Carlson             Jake Gardiner            

Last Minutes Defensive
   Center                   Left Wing                Right Wing               Defense                  Defense                  
   Tomas Nosek              James Neal               Zack Kassian             Brendan Smith            Jordan Oesterle          

Goaltenders
Starting : Joonas Korpisalo         
Backup : Kaapo Kahkonen           

Extra Forwards
Normal : Connor McDavid, Cody Glass, James Neal - PP : James Neal, Zack Kassian - PK : Connor McDavid
Extra Defensemen
Normal : John Carlson, Jake Gardiner, Christian Djoos - PP : Brendan Smith - PK : Alex Biega, Christian Djoos
Penalty Shots
Connor McDavid, Kyle Okposo, Tim Stutzle, Bobby Ryan, Cody Glass
Custom OT Lines Forwards
Connor McDavid, Kyle Okposo, Tim Stutzle, Bobby Ryan, Cody Glass, James Neal, Jeff Skinner, Zack Kassian, Tomas Nosek, Nathan Gerbe
Custom OT Lines Defensemen
John Carlson, Brendan Smith, Jordan Oesterle, Jake Gardiner, Alex Biega

Scratches
Gaetan Haas (Healthy)

Bruins

5 vs 5 Forward 
   Center                   Left Wing                Right Wing               Time % Phy DF OF 
 1 Brady Tkachuk            Paul Stastny             Anthony Mantha           34     0   2  3  
 2 Sean Monahan             Max Comtois              Anthony Beauvillier      30     0   3  2  
 3 Nico Hischier            Casey Cizikas            Luke Glendening          24     0   2  3  
 4 Taylor Raddysh           Jake Debrusk             Ilya Mikheyev            12     0   3  2  

5 vs 5 Defense 
   Defense                  Defense                                           Time % Phy DF OF 
 1 Jakob Chychrun           Brent Burns                                       34     0   3  2  
 2 Dmitry Kulikov           Seth Jones                                        33     0   3  2  
 3 Andy Greene              Joel Edmundson                                    33     0   4  1  
 4 Seth Jones               Brent Burns                                       0      0   3  2  

PowerPlay Forward 
   Center                   Left Wing                Right Wing               Time % Phy DF OF 
 1 Sean Monahan             Brady Tkachuk            Anthony Mantha           50     0   3  2  
 2 Paul Stastny             Max Comtois              Anthony Beauvillier      50     1   2  2  

PowerPlay Defense
   Defense                  Defense                                           Time % Phy DF OF 
 1 Jakob Chychrun           Brent Burns                                       60     0   2  3  
 2 Dmitry Kulikov           Seth Jones                                        40     0   2  3  

Penalty Kill 4 Players Forward 
   Center                   Wing                     Time % Phy DF OF 
 1 Luke Glendening          Ilya Mikheyev            60     0   4  1  
 2 Casey Cizikas            Nico Hischier            40     0   4  1  

Penalty Kill 4 Players Defense
   Defense                  Defense                  Time % Phy DF OF 
 1 Brent Burns              Seth Jones               60     0   5  0  
 2 Joel Edmundson           Andy Greene              40     0   5  0  

Penalty Kill - 3 Players Forward 
   Forward                                           Time % Phy DF OF 
 1 Luke Glendening                                   60     0   5  0  
 2 Casey Cizikas                                     40     0   5  0  

Penalty Kill - 3 Players Defense
   Defense                  Defense                  Time % Phy DF OF 
 1 Dmitry Kulikov           Brent Burns              55     0   5  0  
 2 Joel Edmundson           Seth Jones               45     0   5  0  

4 vs 4 Forward 
   Center                   Wing                     Time % Phy DF OF 
 1 Brady Tkachuk            Paul Stastny             50     0   3  2  
 2 Sean Monahan             Anthony Mantha           50     0   2  3  

4 vs 4 Defense
   Defense                  Defense                  Time % Phy DF OF 
 1 Jakob Chychrun           Brent Burns              50     0   3  2  
 2 Dmitry Kulikov           Seth Jones               50     0   3  2  

Last Minutes Offensive
   Center                   Left Wing                Right Wing               Defense                  Defense                  
   Paul Stastny             Brady Tkachuk            Anthony Mantha           Seth Jones               Brent Burns              

Last Minutes Defensive
   Center                   Left Wing                Right Wing               Defense                  Defense                  
   Sean Monahan             Casey Cizikas            Luke Glendening          Seth Jones               Brent Burns              

Goaltenders
Starting : Petr Mrazek              
Backup : Juuse Saros              

Extra Forwards
Normal : Jake Debrusk, Ilya Mikheyev, Taylor Raddysh - PP : Nico Hischier, Jake Debrusk - PK : Nico Hischier
Extra Defensemen
Normal : Andy Greene, Brent Burns, Joel Edmundson - PP : Joel Edmundson - PK : Dmitry Kulikov, Jakob Chychrun
Penalty Shots
Anthony Mantha, Casey Cizikas, Andy Greene, Sean Monahan, Brent Burns
Custom OT Lines Forwards
Brady Tkachuk, Paul Stastny, Anthony Mantha, Sean Monahan, Anthony Beauvillier, Max Comtois, Nico Hischier, Casey Cizikas, Luke Glendening, Jake Debrusk
Custom OT Lines Defensemen
Brent Burns, Seth Jones, Dmitry Kulikov, Jakob Chychrun, Joel Edmundson

Scratches
Troy Stecher (Healthy), Nikolas Brouillard (Healthy)

% Time on Ice - Oilers

Lines # - Real PCT - Wanted PCT - Time Play
Normal Forward
1 - 33% - 40% - 18:51
2 - 30% - 30% - 17:07
3 - 23% - 20% - 12:50
4 - 14% - 10% - 7:39
Normal Defense
1 - 41% - 40% - 22:59
2 - 34% - 35% - 19:11
3 - 24% - 25% - 13:37
4 - 1% - 0% - 0:40
PP Forward
1 - 58% - 60% - 1:30
2 - 42% - 40% - 1:06
PP Defense
1 - 67% - 60% - 1:44
2 - 33% - 40% - 0:52
PK Forward
1 - 0% - 60%
2 - 0% - 40%
PK Defense
1 - 0% - 60%
2 - 0% - 40%
PK3 Forward
1 - 0% - 60%
2 - 0% - 40%
PK3 Defense
1 - 0% - 60%
2 - 0% - 40%
44 Forward
1 - 0% - 60%
2 - 0% - 40%
44 Defense
1 - 0% - 60%
2 - 0% - 40%
Last Minute Offensive  - 0:00
Last Minute Defensive  - 0:57
Total
Forward - 60:00
Defense - 60:00

% Time on Ice - Bruins

Lines # - Real PCT - Wanted PCT - Time Play
Normal Forward
1 - 32% - 34% - 18:04
2 - 29% - 30% - 16:18
3 - 26% - 24% - 14:31
4 - 13% - 12% - 7:35
Normal Defense
1 - 34% - 34% - 18:59
2 - 33% - 33% - 18:46
3 - 32% - 33% - 18:11
4 - 1% - 0% - 0:32
PP Forward
1 - 0% - 50%
2 - 0% - 50%
PP Defense
1 - 0% - 60%
2 - 0% - 40%
PK Forward
1 - 92% - 60% - 2:24
2 - 8% - 40% - 0:12
PK Defense
1 - 67% - 60% - 1:44
2 - 33% - 40% - 0:52
PK3 Forward
1 - 0% - 60%
2 - 0% - 40%
PK3 Defense
1 - 0% - 55%
2 - 0% - 45%
44 Forward
1 - 0% - 50%
2 - 0% - 50%
44 Defense
1 - 0% - 50%
2 - 0% - 50%
Last Minute Offensive  - 0:56
Last Minute Defensive  - 0:00
Total
Forward - 60:00
Defense - 60:00

Play-by-Play

1st period


0:01 of 1st period - Connor McDavid wins face-off versus Brady Tkachuk in neutral zone.
0:04 of 1st period - Snap shot by Tim Stutzle.
0:04 of 1st period - Shot Misses the Net.
0:27 of 1st period - Max Comtois is hit by Adam Erne and loses puck.
0:28 of 1st period - Max Comtois from Bruins is injured at 0:28 of 1st period (Right Eye).
0:29 of 1st period - Cody Glass wins face-off versus Nico Hischier in Bruins zone.
1:20 of 1st period - Snap shot by Sean Monahan.
1:20 of 1st period - Deflect By Paul Stastny.
1:20 of 1st period - Shot Blocked by Tomas Nosek.
1:20 of 1st period - Puck is out of play.
1:21 of 1st period - Kyle Okposo wins face-off versus Paul Stastny in Oilers zone.
1:21 of 1st period - Kyle Okposo is hit by Paul Stastny.
1:51 of 1st period - Snap shot by Brady Tkachuk.
1:51 of 1st period - Shot Blocked by Kyle Okposo.
1:59 of 1st period - Backhand shot by Tim Stutzle.
1:59 of 1st period - Shot Misses the Net.
2:01 of 1st period - Snap shot by John Carlson.
2:01 of 1st period - Shot Blocked by Paul Stastny.
2:03 of 1st period - Slapshot by John Carlson.
2:03 of 1st period - Shot Misses the Net.
2:05 of 1st period - Backhand shot by John Carlson.
2:05 of 1st period - Stopped by Petr Mrazek with a rebound.
2:09 of 1st period - Wrist shot by Kyle Okposo.
2:09 of 1st period - Shot Misses the Net.
2:33 of 1st period - Snap shot by Connor McDavid.
2:33 of 1st period - Deflect By Tim Stutzle.
2:33 of 1st period - Stopped by Petr Mrazek with a rebound.
2:35 of 1st period - Slapshot by Kyle Okposo.
2:35 of 1st period - Shot Blocked by Brent Burns.
2:51 of 1st period - Snap shot by Connor McDavid.
2:51 of 1st period - Shot Blocked by Brent Burns.
2:53 of 1st period - Slapshot by John Carlson.
2:53 of 1st period - Shot Misses the Net.
2:55 of 1st period - Slapshot by John Carlson.
2:55 of 1st period - Shot Hit the Post.
3:17 of 1st period - Slapshot by Tim Stutzle.
3:17 of 1st period - Stopped by Petr Mrazek without a rebound.
3:18 of 1st period - Cody Glass wins face-off versus Jake Debrusk in Bruins zone.
3:19 of 1st period - Slapshot by Bobby Ryan.
3:19 of 1st period - Stopped by Petr Mrazek with a rebound.
3:27 of 1st period - Snap shot by Sean Monahan.
3:27 of 1st period - Shot Misses the Net.
3:48 of 1st period - Luke Glendening is hit by James Neal and loses puck.
4:06 of 1st period - Luke Glendening is hit by Adam Erne and loses puck.
4:35 of 1st period - Wrist shot by Casey Cizikas.
4:35 of 1st period - Stopped by Joonas Korpisalo with a rebound.
4:53 of 1st period - Adam Erne is hit by Casey Cizikas and loses puck.
5:18 of 1st period - Brent Burns is hit by Jake Gardiner and loses puck.
5:29 of 1st period - Jordan Oesterle is hit by Brent Burns and loses puck.
5:36 of 1st period - Slapshot by Luke Glendening.
5:36 of 1st period - Shot Blocked by Jordan Oesterle.
5:49 of 1st period - Icing by Seth Jones.
5:50 of 1st period - Nico Hischier wins face-off versus Cody Glass in Bruins zone.
6:02 of 1st period - Jeff Skinner is hit by Seth Jones and loses puck.
6:43 of 1st period - Jordan Oesterle is hit by Taylor Raddysh and loses puck.
6:58 of 1st period - Slapshot by Anthony Mantha.
6:58 of 1st period - Shot Misses the Net.
7:00 of 1st period - Wrist shot by Jakob Chychrun.
7:00 of 1st period - Deflect By Brady Tkachuk.
7:00 of 1st period - Shot Blocked by Jake Gardiner.
7:00 of 1st period - Puck is out of play.
7:01 of 1st period - Brady Tkachuk wins face-off versus Cody Glass in Oilers zone.
7:10 of 1st period - Wrist shot by Anthony Mantha.
7:10 of 1st period - Shot Misses the Net.
7:12 of 1st period - Slapshot by Joel Edmundson.
7:12 of 1st period - Shot Blocked by Alex Biega.
7:14 of 1st period - Slapshot by Joel Edmundson.
7:14 of 1st period - Stopped by Joonas Korpisalo without a rebound.
7:15 of 1st period - Sean Monahan wins face-off versus Tim Stutzle in Oilers zone.
7:42 of 1st period - Jeff Skinner is hit by Brady Tkachuk and loses puck.
8:01 of 1st period - Slapshot by John Carlson.
8:01 of 1st period - Shot Misses the Net.
8:39 of 1st period - Slapshot by Anthony Mantha.
8:39 of 1st period - Stopped by Joonas Korpisalo with a rebound.
8:41 of 1st period - Wrist shot by Andy Greene.
8:41 of 1st period - Shot Blocked by Alex Biega.
9:06 of 1st period - Icing by Kyle Okposo.
9:07 of 1st period - Brady Tkachuk wins face-off versus Connor McDavid in Oilers zone.
9:18 of 1st period - Snap shot by Anthony Mantha.
9:18 of 1st period - Stopped by Joonas Korpisalo with a rebound.
9:37 of 1st period - Slapshot by Seth Jones.
9:37 of 1st period - Shot Misses the Net.
9:55 of 1st period - Wrist shot by Bobby Ryan.
9:55 of 1st period - Stopped by Petr Mrazek with a rebound.
9:57 of 1st period - Slapshot by Bobby Ryan.
9:57 of 1st period - Stopped by Petr Mrazek with a rebound.
9:59 of 1st period - Wrist shot by Bobby Ryan.
9:59 of 1st period - Shot Blocked by Ilya Mikheyev.
10:01 of 1st period - Snap shot by Christian Djoos.
10:01 of 1st period - Shot Misses the Net.
10:03 of 1st period - Snap shot by Christian Djoos.
10:03 of 1st period - Shot Blocked by Seth Jones.
11:30 of 1st period - Snap shot by Ben Street.
11:30 of 1st period - Stopped by Petr Mrazek with a rebound.
11:32 of 1st period - Snap shot by Ben Street.
11:32 of 1st period - Shot Blocked by Casey Cizikas.
11:44 of 1st period - Joel Edmundson is hit by Jordan Oesterle and loses puck.
12:04 of 1st period - Icing by Tim Stutzle.
12:05 of 1st period - Anthony Mantha wins face-off versus Connor McDavid in Oilers zone.
12:06 of 1st period - Snap shot by Paul Stastny.
12:06 of 1st period - Stopped by Joonas Korpisalo with a rebound.
12:08 of 1st period - Slapshot by Seth Jones.
12:08 of 1st period - Deflect By Tim Stutzle.
12:08 of 1st period - Stopped by Joonas Korpisalo with a rebound.
12:10 of 1st period - Snap shot by Brady Tkachuk.
12:10 of 1st period - Shot Misses the Net.
12:12 of 1st period - Wrist shot by Anthony Mantha.
12:12 of 1st period - Goal by Anthony Mantha - Oilers : 0 - Bruins : 1.
12:13 of 1st period - Cody Glass wins face-off versus Sean Monahan in neutral zone.
12:24 of 1st period - Slapshot by Sean Monahan.
12:24 of 1st period - Stopped by Joonas Korpisalo with a rebound.
12:35 of 1st period - Icing by Dmitry Kulikov.
12:36 of 1st period - Sean Monahan wins face-off versus Connor McDavid in Bruins zone.
12:43 of 1st period - Slapshot by Seth Jones.
12:43 of 1st period - Stopped by Joonas Korpisalo without a rebound.
12:44 of 1st period - Brady Tkachuk wins face-off versus Bobby Ryan in Oilers zone.
12:56 of 1st period - Slapshot by Cody Glass.
12:56 of 1st period - Shot Blocked by Paul Stastny.
12:58 of 1st period - Slapshot by John Carlson.
12:58 of 1st period - Shot Blocked by Paul Stastny.
13:00 of 1st period - Wrist shot by Bobby Ryan.
13:00 of 1st period - Shot Blocked by Jakob Chychrun.
13:32 of 1st period - Snap shot by Ben Street.
13:32 of 1st period - Stopped by Petr Mrazek without a rebound.
13:33 of 1st period - Sean Monahan wins face-off versus Ben Street in Bruins zone.
13:58 of 1st period - Jordan Oesterle is hit by Paul Stastny and loses puck.
14:07 of 1st period - Seth Jones is hit by Jeff Skinner.
15:35 of 1st period - Jeff Skinner is hit by Jakob Chychrun and loses puck.
16:26 of 1st period - Nico Hischier is hit by Adam Erne and loses puck.
16:38 of 1st period - Adam Erne is hit by Joel Edmundson and loses puck.
16:47 of 1st period - Snap shot by Luke Glendening.
16:47 of 1st period - Stopped by Joonas Korpisalo with a rebound.
16:49 of 1st period - Slapshot by Brent Burns.
16:49 of 1st period - Shot Misses the Net.
17:09 of 1st period - Snap shot by Adam Erne.
17:09 of 1st period - Shot Misses the Net.
17:11 of 1st period - Snap shot by John Carlson.
17:11 of 1st period - Shot Misses the Net.
17:13 of 1st period - Wrist shot by Tomas Nosek.
17:13 of 1st period - Stopped by Petr Mrazek with a rebound.
17:15 of 1st period - Slapshot by John Carlson.
17:15 of 1st period - Deflect By Adam Erne.
17:15 of 1st period - Stopped by Petr Mrazek without a rebound.
17:16 of 1st period - Sean Monahan wins face-off versus Cody Glass in Bruins zone.
17:25 of 1st period - Backhand shot by Bobby Ryan.
17:25 of 1st period - Stopped by Petr Mrazek without a rebound.
17:26 of 1st period - Jeff Skinner wins face-off versus Sean Monahan in Bruins zone.
18:02 of 1st period - Off-side.
18:03 of 1st period - Brady Tkachuk wins face-off versus Connor McDavid in neutral zone.
18:12 of 1st period - Snap shot by Paul Stastny.
18:12 of 1st period - Shot Misses the Net.
18:14 of 1st period - Slapshot by Dmitry Kulikov.
18:14 of 1st period - Stopped by Joonas Korpisalo with a rebound.
18:16 of 1st period - Snap shot by Paul Stastny.
18:16 of 1st period - Stopped by Joonas Korpisalo with a rebound.
18:18 of 1st period - Snap shot by Seth Jones.
18:18 of 1st period - Shot Blocked by Kyle Okposo.
18:20 of 1st period - Snap shot by Brady Tkachuk.
18:20 of 1st period - Shot Hit the Post.
18:35 of 1st period - Slapshot by Nico Hischier.
18:35 of 1st period - Stopped by Joonas Korpisalo with a rebound.
18:37 of 1st period - Slapshot by Casey Cizikas.
18:37 of 1st period - Shot Misses the Net.
18:39 of 1st period - Slapshot by Andy Greene.
18:39 of 1st period - Deflect By Ben Street.
18:39 of 1st period - Stopped by Joonas Korpisalo without a rebound.
18:40 of 1st period - Taylor Raddysh wins face-off versus Cody Glass in Oilers zone.
19:35 of 1st period - Wrist shot by Paul Stastny.
19:35 of 1st period - Shot Misses the Net.
19:56 of 1st period - Icing by Jake Gardiner.
19:57 of 1st period - Ben Street wins face-off versus Sean Monahan in Oilers zone.
Goals for this period are 0 for Oilers vs 1 for Bruins.
Shots for this period are 11 for Oilers vs 14 for Bruins.

2nd period


0:01 of 2nd period - Sean Monahan wins face-off versus Connor McDavid in neutral zone.
0:26 of 2nd period - Anthony Mantha is hit by Brendan Smith and loses puck.
1:42 of 2nd period - Joel Edmundson is hit by Connor McDavid and loses puck.
2:19 of 2nd period - Jake Gardiner is hit by Brady Tkachuk and loses puck.
3:00 of 2nd period - Snap shot by Nico Hischier.
3:00 of 2nd period - Stopped by Joonas Korpisalo with a rebound.
3:02 of 2nd period - Wrist shot by Luke Glendening.
3:02 of 2nd period - Stopped by Joonas Korpisalo without a rebound.
3:03 of 2nd period - Cody Glass wins face-off versus Brady Tkachuk in Oilers zone.
3:49 of 2nd period - Luke Glendening is hit by Adam Erne and loses puck.
4:08 of 2nd period - Brendan Smith is hit by Taylor Raddysh and loses puck.
4:25 of 2nd period - Wrist shot by Cody Glass.
4:25 of 2nd period - Deflect By Bobby Ryan.
4:25 of 2nd period - Stopped by Petr Mrazek without a rebound.
4:26 of 2nd period - Cody Glass wins face-off versus Anthony Mantha in Bruins zone.
5:19 of 2nd period - Wrist shot by Brady Tkachuk.
5:19 of 2nd period - Shot Misses the Net.
5:21 of 2nd period - Snap shot by Brent Burns.
5:21 of 2nd period - Stopped by Joonas Korpisalo with a rebound.
5:37 of 2nd period - Snap shot by Brady Tkachuk.
5:37 of 2nd period - Stopped by Joonas Korpisalo without a rebound.
5:38 of 2nd period - Connor McDavid wins face-off versus Sean Monahan in Oilers zone.
5:50 of 2nd period - Off-side.
5:51 of 2nd period - Connor McDavid wins face-off versus Sean Monahan in neutral zone.
6:00 of 2nd period - Snap shot by Connor McDavid.
6:00 of 2nd period - Shot Misses the Net.
6:21 of 2nd period - Snap shot by Adam Erne.
6:21 of 2nd period - Deflect By James Neal.
6:21 of 2nd period - Goal by James Neal - Oilers : 1 - Bruins : 1.
6:22 of 2nd period - Connor McDavid wins face-off versus Taylor Raddysh in neutral zone.
6:33 of 2nd period - Snap shot by Tim Stutzle.
6:33 of 2nd period - Shot Misses the Net.
6:47 of 2nd period - Andy Greene is hit by Christian Djoos and loses puck.
7:14 of 2nd period - Slapshot by Dmitry Kulikov.
7:14 of 2nd period - Deflect By Anthony Mantha.
7:14 of 2nd period - Shot Misses the Net.
7:14 of 2nd period - Puck is out of play.
7:15 of 2nd period - Tomas Nosek wins face-off versus Brady Tkachuk in Oilers zone.
7:15 of 2nd period - Tomas Nosek is hit by Dmitry Kulikov.
7:41 of 2nd period - Paul Stastny is hit by Zack Kassian and loses puck.
7:52 of 2nd period - Jake Gardiner is hit by Paul Stastny.
8:18 of 2nd period - Sean Monahan is hit by Kyle Okposo and loses puck.
8:58 of 2nd period - Joel Edmundson is hit by Jake Gardiner and loses puck.
10:10 of 2nd period - John Carlson is hit by Brady Tkachuk and loses puck.
10:45 of 2nd period - Snap shot by Nico Hischier.
10:45 of 2nd period - Shot Blocked by Ben Street.
11:23 of 2nd period - Alex Biega is hit by Luke Glendening and loses puck.
11:38 of 2nd period - Slapshot by Cody Glass.
11:38 of 2nd period - Stopped by Petr Mrazek with a rebound.
11:50 of 2nd period - Bobby Ryan is hit by Casey Cizikas and loses puck.
12:07 of 2nd period - Christian Djoos is hit by Andy Greene and loses puck.
12:30 of 2nd period - Slapshot by Zack Kassian.
12:30 of 2nd period - Shot Misses the Net.
12:42 of 2nd period - Slapshot by Dmitry Kulikov.
12:42 of 2nd period - Deflect By Brady Tkachuk.
12:42 of 2nd period - Shot Blocked by Brendan Smith.
12:42 of 2nd period - Puck is out of play.
12:43 of 2nd period - Tomas Nosek wins face-off versus Brady Tkachuk in Oilers zone.
12:50 of 2nd period - Backhand shot by James Neal.
12:50 of 2nd period - Shot Misses the Net.
13:06 of 2nd period - Adam Erne is hit by Anthony Beauvillier and loses puck.
14:13 of 2nd period - Snap shot by Connor McDavid.
14:13 of 2nd period - Stopped by Petr Mrazek without a rebound.
14:14 of 2nd period - Cody Glass wins face-off versus Taylor Raddysh in Bruins zone.
14:33 of 2nd period - Ilya Mikheyev is hit by Kyle Okposo.
14:45 of 2nd period - Snap shot by Connor McDavid.
14:45 of 2nd period - Shot Misses the Net.
15:34 of 2nd period - Snap shot by Sean Monahan.
15:34 of 2nd period - Goal by Sean Monahan - Oilers : 1 - Bruins : 2.
15:35 of 2nd period - Connor McDavid wins face-off versus Brady Tkachuk in neutral zone.
15:47 of 2nd period - Wrist shot by Connor McDavid.
15:47 of 2nd period - Shot Blocked by Brent Burns.
15:49 of 2nd period - Snap shot by Connor McDavid.
15:49 of 2nd period - Goal by Connor McDavid - Oilers : 2 - Bruins : 2.
15:50 of 2nd period - Brady Tkachuk wins face-off versus Connor McDavid in neutral zone.
16:08 of 2nd period - Off-side.
16:09 of 2nd period - Taylor Raddysh wins face-off versus Cody Glass in neutral zone.
16:12 of 2nd period - Snap shot by Ilya Mikheyev.
16:12 of 2nd period - Deflect By Taylor Raddysh.
16:12 of 2nd period - Shot Blocked by Jake Gardiner.
16:12 of 2nd period - Puck is out of play.
16:13 of 2nd period - Taylor Raddysh wins face-off versus Cody Glass in Oilers zone.
16:14 of 2nd period - Snap shot by Ilya Mikheyev.
16:14 of 2nd period - Stopped by Joonas Korpisalo without a rebound.
16:15 of 2nd period - Taylor Raddysh wins face-off versus Cody Glass in Oilers zone.
16:16 of 2nd period - Snap shot by Jake Debrusk.
16:16 of 2nd period - Stopped by Joonas Korpisalo with a rebound.
16:25 of 2nd period - Off-side.
16:26 of 2nd period - Connor McDavid wins face-off versus Anthony Mantha in neutral zone.
17:18 of 2nd period - Slapshot by John Carlson.
17:18 of 2nd period - Shot Blocked by Joel Edmundson.
17:29 of 2nd period - Backhand shot by Adam Erne.
17:29 of 2nd period - Stopped by Petr Mrazek with a rebound.
17:41 of 2nd period - Wrist shot by Zack Kassian.
17:41 of 2nd period - Stopped by Petr Mrazek without a rebound.
17:42 of 2nd period - Ben Street wins face-off versus Taylor Raddysh in Bruins zone.
18:15 of 2nd period - Snap shot by Tim Stutzle.
18:15 of 2nd period - Stopped by Petr Mrazek with a rebound.
18:56 of 2nd period - Snap shot by James Neal.
18:56 of 2nd period - Shot Blocked by Dmitry Kulikov.
18:58 of 2nd period - Slapshot by Alex Biega.
18:58 of 2nd period - Deflect By Sean Monahan.
18:58 of 2nd period - Stopped by Petr Mrazek without a rebound.
18:59 of 2nd period - Kyle Okposo wins face-off versus Ilya Mikheyev in Bruins zone.
19:10 of 2nd period - Snap shot by Connor McDavid.
19:10 of 2nd period - Shot Hit the Post.
Goals for this period are 2 for Oilers vs 1 for Bruins.
Shots for this period are 9 for Oilers vs 7 for Bruins.

3rd period


0:01 of 3rd period - Brady Tkachuk wins face-off versus Connor McDavid in neutral zone.
0:08 of 3rd period - Wrist shot by Brady Tkachuk.
0:08 of 3rd period - Stopped by Joonas Korpisalo with a rebound.
1:55 of 3rd period - Slapshot by Cody Glass.
1:55 of 3rd period - Stopped by Petr Mrazek without a rebound.
1:56 of 3rd period - Sean Monahan wins face-off versus Connor McDavid in Bruins zone.
2:19 of 3rd period - Anthony Mantha is hit by Bobby Ryan and loses puck.
2:48 of 3rd period - Wrist shot by Nico Hischier.
2:48 of 3rd period - Deflect By Luke Glendening.
2:48 of 3rd period - Shot Misses the Net.
2:48 of 3rd period - Puck is out of play.
2:49 of 3rd period - Connor McDavid wins face-off versus Sean Monahan in Oilers zone.
3:38 of 3rd period - Slapshot by Adam Erne.
3:38 of 3rd period - Stopped by Petr Mrazek with a rebound.
4:01 of 3rd period - Backhand shot by Zack Kassian.
4:01 of 3rd period - Shot Blocked by Joel Edmundson.
4:35 of 3rd period - Snap shot by Cody Glass.
4:35 of 3rd period - Shot Misses the Net.
4:57 of 3rd period - Wrist shot by Adam Erne.
4:57 of 3rd period - Shot Misses the Net.
4:59 of 3rd period - Wrist shot by Adam Erne.
4:59 of 3rd period - Deflect By Nico Hischier.
4:59 of 3rd period - Shot Blocked by Nico Hischier.
4:59 of 3rd period - Puck is out of play.
5:00 of 3rd period - Sean Monahan wins face-off versus Connor McDavid in Bruins zone.
5:25 of 3rd period - Anthony Mantha is hit by Cody Glass and loses puck.
5:46 of 3rd period - Tomas Nosek is hit by Nico Hischier.
6:52 of 3rd period - Wrist shot by Jeff Skinner.
6:52 of 3rd period - Shot Misses the Net.
6:58 of 3rd period - Minor Penalty to Brady Tkachuk for Roughing.
6:59 of 3rd period - Luke Glendening wins face-off versus Connor McDavid in Bruins zone.
6:59 of 3rd period - Luke Glendening is hit by Tim Stutzle.
8:05 of 3rd period - John Carlson is hit by Nico Hischier.
8:32 of 3rd period - Icing by Bobby Ryan.
8:33 of 3rd period - Sean Monahan wins face-off versus Jeff Skinner in Oilers zone.
8:39 of 3rd period - Icing by John Carlson.
8:40 of 3rd period - Luke Glendening wins face-off versus Connor McDavid in Oilers zone.
8:53 of 3rd period - Snap shot by Connor McDavid.
8:53 of 3rd period - Shot Blocked by Andy Greene.
8:58 of 3rd period - Penalty to Brady Tkachuk is over, Brady Tkachuk is back on ice.
9:11 of 3rd period - Wrist shot by Adam Erne.
9:11 of 3rd period - Stopped by Petr Mrazek without a rebound.
9:12 of 3rd period - Tomas Nosek wins face-off versus Jake Debrusk in Bruins zone.
9:16 of 3rd period - Icing by Anthony Beauvillier.
9:17 of 3rd period - Sean Monahan wins face-off versus Connor McDavid in Bruins zone.
9:22 of 3rd period - Slapshot by Brent Burns.
9:22 of 3rd period - Deflect By Jake Debrusk.
9:22 of 3rd period - Shot Misses the Net.
9:22 of 3rd period - Puck is out of play.
9:23 of 3rd period - Brady Tkachuk wins face-off versus Connor McDavid in Oilers zone.
9:47 of 3rd period - Icing by Jordan Oesterle.
9:48 of 3rd period - Cody Glass wins face-off versus Sean Monahan in Oilers zone.
10:39 of 3rd period - Snap shot by Nico Hischier.
10:39 of 3rd period - Goal by Nico Hischier - Oilers : 2 - Bruins : 3.
10:40 of 3rd period - Brady Tkachuk wins face-off versus Connor McDavid in neutral zone.
10:53 of 3rd period - Wrist shot by Anthony Mantha.
10:53 of 3rd period - Stopped by Joonas Korpisalo without a rebound.
10:54 of 3rd period - Sean Monahan wins face-off versus Connor McDavid in Oilers zone.
11:01 of 3rd period - Snap shot by Sean Monahan.
11:01 of 3rd period - Shot Blocked by Brendan Smith.
11:09 of 3rd period - Wrist shot by Connor McDavid.
11:09 of 3rd period - Shot Misses the Net.
11:19 of 3rd period - Bobby Ryan is hit by Paul Stastny and loses puck.
11:26 of 3rd period - Snap shot by Paul Stastny.
11:26 of 3rd period - Stopped by Joonas Korpisalo with a rebound.
11:28 of 3rd period - Slapshot by Paul Stastny.
11:28 of 3rd period - Shot Misses the Net.
11:30 of 3rd period - Wrist shot by Paul Stastny.
11:30 of 3rd period - Stopped by Joonas Korpisalo with a rebound.
11:32 of 3rd period - Backhand shot by Joel Edmundson.
11:32 of 3rd period - Shot Blocked by John Carlson.
11:53 of 3rd period - Slapshot by John Carlson.
11:53 of 3rd period - Shot Misses the Net.
11:55 of 3rd period - Snap shot by Cody Glass.
11:55 of 3rd period - Stopped by Petr Mrazek with a rebound.
11:57 of 3rd period - Slapshot by Brendan Smith.
11:57 of 3rd period - Stopped by Petr Mrazek with a rebound.
11:59 of 3rd period - Wrist shot by Jeff Skinner.
11:59 of 3rd period - Stopped by Petr Mrazek without a rebound.
12:00 of 3rd period - Brady Tkachuk wins face-off versus Connor McDavid in Bruins zone.
12:32 of 3rd period - Alex Biega is hit by Jake Debrusk and loses puck.
12:53 of 3rd period - Casey Cizikas is hit by Adam Erne and loses puck.
13:03 of 3rd period - Icing by Tomas Nosek.
13:04 of 3rd period - Taylor Raddysh wins face-off versus Connor McDavid in Oilers zone.
13:09 of 3rd period - Snap shot by Ilya Mikheyev.
13:09 of 3rd period - Stopped by Joonas Korpisalo with a rebound.
13:37 of 3rd period - Snap shot by Anthony Mantha.
13:37 of 3rd period - Shot Blocked by Bobby Ryan.
13:39 of 3rd period - Wrist shot by Brady Tkachuk.
13:39 of 3rd period - Deflect By Cody Glass.
13:39 of 3rd period - Shot Misses the Net.
13:39 of 3rd period - Puck is out of play.
13:40 of 3rd period - Connor McDavid wins face-off versus Sean Monahan in Oilers zone.
14:40 of 3rd period - Off-side.
14:41 of 3rd period - Connor McDavid wins face-off versus Sean Monahan in neutral zone.
15:53 of 3rd period - Wrist shot by Alex Biega.
15:53 of 3rd period - Deflect By Connor McDavid.
15:53 of 3rd period - Stopped by Petr Mrazek without a rebound.
15:54 of 3rd period - Connor McDavid wins face-off versus Nico Hischier in Bruins zone.
15:55 of 3rd period - Snap shot by Tim Stutzle.
15:55 of 3rd period - Goal by Tim Stutzle - Oilers : 3 - Bruins : 3.
15:56 of 3rd period - Nico Hischier wins face-off versus Connor McDavid in neutral zone.
16:03 of 3rd period - Wrist shot by Nico Hischier.
16:03 of 3rd period - Stopped by Joonas Korpisalo without a rebound.
16:04 of 3rd period - Nico Hischier wins face-off versus Connor McDavid in Oilers zone.
16:07 of 3rd period - Snap shot by Luke Glendening.
16:07 of 3rd period - Stopped by Joonas Korpisalo without a rebound.
16:08 of 3rd period - Connor McDavid wins face-off versus Nico Hischier in Oilers zone.
16:08 of 3rd period - Connor McDavid is hit by Jakob Chychrun.
16:41 of 3rd period - Wrist shot by Cody Glass.
16:41 of 3rd period - Stopped by Petr Mrazek with a rebound.
16:43 of 3rd period - Wrist shot by Cody Glass.
16:43 of 3rd period - Stopped by Petr Mrazek without a rebound.
16:44 of 3rd period - Connor McDavid wins face-off versus Taylor Raddysh in Bruins zone.
16:45 of 3rd period - Snap shot by Tim Stutzle.
16:45 of 3rd period - Shot Misses the Net.
17:11 of 3rd period - Slapshot by Joel Edmundson.
17:11 of 3rd period - Stopped by Joonas Korpisalo without a rebound.
17:12 of 3rd period - Cody Glass wins face-off versus Nico Hischier in Oilers zone.
17:12 of 3rd period - Cody Glass is hit by Casey Cizikas.
17:21 of 3rd period - Minor Penalty to Luke Glendening for Slashing.
17:22 of 3rd period - Connor McDavid wins face-off versus Ilya Mikheyev in Bruins zone.
17:22 of 3rd period - Slapshot by Tim Stutzle.
17:22 of 3rd period - Stopped by Petr Mrazek with a rebound.
17:24 of 3rd period - Slapshot by Jake Gardiner.
17:24 of 3rd period - Deflect By Tim Stutzle.
17:24 of 3rd period - Shot Blocked by Seth Jones.
17:24 of 3rd period - Puck is out of play.
17:25 of 3rd period - Connor McDavid wins face-off versus Nico Hischier in Bruins zone.
17:56 of 3rd period - Slapshot by John Carlson.
17:56 of 3rd period - Shot Misses the Net.
17:58 of 3rd period - Snap shot by John Carlson.
17:58 of 3rd period - Goal by John Carlson - Oilers : 4 - Bruins : 3.
17:59 of 3rd period - Nico Hischier wins face-off versus Connor McDavid in neutral zone.
18:10 of 3rd period - Slapshot by Brent Burns.
18:10 of 3rd period - Stopped by Joonas Korpisalo with a rebound.
18:14 of 3rd period - Snap shot by Nico Hischier.
18:14 of 3rd period - Shot Blocked by Brendan Smith.
18:23 of 3rd period - Icing by Bobby Ryan.
18:24 of 3rd period - Taylor Raddysh wins face-off versus Cody Glass in Oilers zone.
18:25 of 3rd period - Slapshot by Seth Jones.
18:25 of 3rd period - Stopped by Joonas Korpisalo with a rebound.
19:24 of 3rd period - Bruins, Petr Mrazek is pulled from the net.
19:44 of 3rd period - Backhand shot by Brady Tkachuk.
19:44 of 3rd period - Stopped by Joonas Korpisalo with a rebound.
19:46 of 3rd period - Wrist shot by Brady Tkachuk.
19:46 of 3rd period - Deflect By Paul Stastny.
19:46 of 3rd period - Stopped by Joonas Korpisalo with a rebound.
19:48 of 3rd period - Slapshot by Dmitry Kulikov.
19:48 of 3rd period - Shot Blocked by Jordan Oesterle.
Goals for this period are 2 for Oilers vs 1 for Bruins.
Shots for this period are 12 for Oilers vs 13 for Bruins.